cohdb
Replays
Latest Replays
All Replays
Popular Replays
Top Player Replays
Match Explorer
How It Works
Community
CoH3 Stats
Reddit
Sign in to upload your games and track your stats! →
Sign in with Steam
Match 44810271
Unlisted
Match 44810271
Overview
Messages
Build Orders
End
Kradschützen Motorcycle Team
Panzerpioneer Squad
Selects Panzerjäger Kommand Battlegroup
250 Light Carrier
Construct Light Support Kompanie
Assault Grenadier Squad
MG34 Team
Selects Tank Busters
Panzerjäger Squad
Assault Mechanized Group
Construct Mechanized Kompanie
Panzerjäger Squad
Marder III Tank Destroyer
Support Armor Elements
StuG III D Assault Gun
2.5-tonne Medical Truck
StuG III D Assault Gun
Panzerjäger Mechanized Group
StuG III D Assault Gun
Selects Mine Fields
Selects Defensive Positions
Selects Butterfly Bomb Drop
2.5-tonne Medical Truck
18-tonne Recovery Half-track
254 Reconnaissance Tractor
Enfelon
Shinshigumi
0
0
Comments
sign in to comment!
No comments posted yet!